Anaheim Ducks vs Carolina Hurricanes

Created - jeudi, 11 janvier 2024 at 19:00

Goals
1 2 3 T
Anaheim Ducks 1 2 3 6
Carolina Hurricanes 1 0 0 1
Shots
1 2 3 T
Anaheim Ducks 8 9 20 37
Carolina Hurricanes 12 16 8 36

1st period

1. Carolina Hurricanes , Andrei Svechnikov 19 (Sebastian Aho 37, Jordan Staal 17) at 10:35
2. Anaheim Ducks , Pavel Zacha 4 (Viktor Arvidsson 13, Brayden McNabb 11) at 19:27

Penalties :
Scott Mayfield (ANA) for Roughing (Minor) at 1:04, Noah Hanifin (CAR) for Boarding (Minor) at 5:51, Viktor Arvidsson (ANA) for Slashing (Minor) at 14:51

2nd period

3. Anaheim Ducks , Jordan Kyrou 19 (Chandler Stephenson 24, Neal Pionk 14) at 6:28 (PP)
4. Anaheim Ducks , Pavel Zacha 5 (Viktor Arvidsson 14, David Savard 13) at 14:28

Penalties :
David Savard (ANA) for Hooking (Minor) at 1:42, Andrei Svechnikov (CAR) for Tripping (Minor) at 4:50, Brett Pesce (CAR) for Slashing (Minor) at 7:38, Brendan Smith (CAR) for High sticking (Minor) at 17:38

3rd period

5. Anaheim Ducks , Brett Howden 2 (Calle Jarnkrok 10, Travis Boyd 6) at 4:16
6. Anaheim Ducks , Pavel Zacha 6 (Chandler Stephenson 25) at 15:23 (PP)
7. Anaheim Ducks , Steven Lorentz 5 (Cam Fowler 30) at 19:21

Penalties :
Jake Bean (CAR) for Tripping (Minor) at 2:07, Travis Boyd (ANA) for Hooking (Minor) at 2:07, Brock McGinn (CAR) for Goalie Interference (Minor) at 13:45

Goalie Stats

Michael Hutchinson (ANA), 35 saves from 36 shots - (0.972), W, 1-3-0, 60:00 minutes
Frederik Andersen (CAR), 31 saves from 37 shots - (0.838), L, 17-16-2, 60:00 minutes

Players Stats for Anaheim Ducks

Player Name              G  A  P  +/- PIM S  H  SB GA TA FO     MP     PP MP  PK MP  
------------------------------------------------------------------------------------
Brayden McNabb           0  1  1   0  0   0  0  0  0  0  0/0    14:27   0:00   0:00 
Brett Howden             1  0  1   1  0   1  2  0  0  0  0/0    10:01   0:00   0:00 
Calle Jarnkrok           0  1  1   1  0   4  0  0  0  0  4/8    12:59   0:14   2:44 
Cam Fowler               0  1  1   2  0   1  1  4  0  0  0/0    24:02   4:55   2:57 
Chandler Stephenson      0  2  2   0  0   3  0  0  0  0  2/3    17:56   3:57   0:00 
David Savard             0  1  1   2  2   2  1  0  0  0  0/0    22:26   4:43   1:43 
Jani Hakanpaa            0  0  0   1  0   1  4  0  0  0  0/0    15:14   0:00   1:59 
Jordan Kyrou             1  0  1   0  0   7  0  0  0  0  6/15   18:11   3:57   0:22 
Lukas Sedlak             0  0  0   1  0   0  0  0  0  0  6/8     8:18   0:00   0:00 
Neal Pionk               0  1  1   1  0   0  0  2  0  0  0/0    21:18   4:30   3:14 
Pavel Zacha              3  0  3   1  0   4  1  0  0  0  6/10   16:49   3:57   0:00 
Reilly Smith             0  0  0   1  0   6  0  0  0  0  7/22   20:42   4:33   2:51 
Rickard Rakell           0  0  0   0  0   2  2  0  0  0  3/6    17:12   5:02   0:00 
Ryan Lomberg             0  0  0   1  0   0  1  0  0  0  1/2     9:01   0:43   0:00 
Scott Mayfield           0  0  0   0  2   1  2  1  0  0  0/0    20:59   4:18   2:01 
Steven Lorentz           1  0  1   1  0   2  0  0  0  0  1/1    12:36   0:43   3:02 
Travis Boyd              0  1  1   1  2   2  1  1  0  0  10/24  12:55   0:00   2:55 
Viktor Arvidsson         0  2  2   1  2   1  1  0  0  0  0/3    16:54   4:33   0:00 

Players Stats for Carolina Hurricanes

Player Name              G  A  P  +/- PIM S  H  SB GA TA FO     MP     PP MP  PK MP  
------------------------------------------------------------------------------------
Andrei Svechnikov        1  0  1   0  2   6  2  1  0  0  4/10   19:49   2:39   3:40 
Anthony Duclair          0  0  0  -1  0   0  0  0  0  0  0/6     8:34   0:00   0:00 
Brendan Smith            0  0  0   0  2   0  3  1  0  0  0/0    20:25   3:01   2:43 
Brett Pesce              0  0  0  -1  2   2  2  2  0  0  0/0    23:01   2:18   3:09 
Brock McGinn             0  0  0  -1  2   3  2  0  0  0  3/3    12:42   0:50   0:00 
Calen Addison            0  0  0   0  0   1  0  0  0  0  0/0    20:57   2:59   3:27 
Carl Grundstrom          0  0  0  -1  0   1  0  0  0  0  0/0     8:48   0:14   0:00 
Denis Gurianov           0  0  0  -1  0   0  0  0  0  0  5/7    12:36   0:00   2:04 
Dylan Coghlan            0  0  0  -2  0   0  0  1  0  0  0/0    14:45   0:14   2:31 
Jake Bean                0  0  0  -2  2   0  1  2  0  0  0/0    15:57   0:50   2:24 
Jesperi Kotkaniemi       0  0  0  -1  0   1  1  0  0  0  13/24  15:14   2:54   0:45 
Jordan Staal             0  1  1   0  0   1  0  0  0  0  0/0    18:49   2:23   3:38 
Julien Gauthier          0  0  0  -1  0   0  1  0  0  0  0/0     8:34   0:00   0:00 
Nino Niederreiter        0  0  0  -1  0   2  1  0  0  0  0/3    18:59   2:54   4:30 
Noah Hanifin             0  0  0  -1  2   2  1  3  0  0  0/0    23:57   2:32   3:18 
Sebastian Aho            0  1  1   0  0   11 0  1  0  0  25/36  20:08   2:49   4:31 
Stefan Noesen            0  0  0  -1  0   2  1  0  0  0  4/10   13:26   2:54   0:00 
Taylor Hall              0  0  0  -1  0   4  0  0  0  0  2/3    12:01   0:14   0:12 

3 Stars

1 - Pavel Zacha (ANA)
2 - Michael Hutchinson (ANA)
3 - Brett Howden (ANA)

Power Play

Anaheim Ducks - 2 on 5 Attempt(s) - 40.00%
Carolina Hurricanes - 0 on 3 Attempt(s) - 0.00%

Penalty Kill

Anaheim Ducks - 3 on 3 Attempt(s) - 100.00% - Score 0 goal in Penalty Kill
Carolina Hurricanes - 3 on 5 Attempt(s) - 60.00% - Score 0 goal in Penalty Kill

Team Stat

Anaheim Ducks - Hits : 16 - Faceoff Wins : 46 - Blocked Shots : 8 - Penalty Minutes : 8
Carolina Hurricanes - Hits : 15 - Faceoff Wins : 56 - Blocked Shots : 11 - Penalty Minutes : 12

Official

Referees : Frederick LEcuyer and Pierre Lambert
Linesman : Jonathan Deschamps and Kilian McNamara

Game Notes

Pavel Zacha has scored a Hat Trick!

Finance

Level 1 -- Attendance: 7163 (65.72%) -- Ticket Income $ 644 670
Level 2 -- Attendance: 1661 (73.82%) -- Ticket Income $ 124 575
Level 3 -- Attendance: 2748 (72.32%) -- Ticket Income $ 123 660
Level 4 -- Attendance: 1135 (75.67%) -- Ticket Income $ 34 050
Luxury Box -- Attendance: 40 (80.00%) -- Ticket Income $ 8 800
Game was played at the PNC Arena.
Total Attendance: 12747 (68.90%)
Total Ticket Income: $ 935 755
Total Income: $ 935 755

Anaheim Ducks

5 vs 5 Forward 
   Center                   Left Wing                Right Wing               Time % Phy DF OF 
 1 Jordan Kyrou             Chandler Stephenson      Rickard Rakell           30     1   2  2  
 2 Reilly Smith             Viktor Arvidsson         Pavel Zacha              30     1   2  2  
 3 Travis Boyd              Calle Jarnkrok           Brett Howden             25     1   2  2  
 4 Lukas Sedlak             Ryan Lomberg             Steven Lorentz           15     1   2  2  

5 vs 5 Defense 
   Defense                  Defense                                           Time % Phy DF OF 
 1 Cam Fowler               David Savard                                      35     1   2  2  
 2 Scott Mayfield           Brayden McNabb                                    35     1   2  2  
 3 Jani Hakanpaa            Neal Pionk                                        30     1   2  2  
 4 Cam Fowler               David Savard                                      0      1   2  2  

PowerPlay Forward 
   Center                   Left Wing                Right Wing               Time % Phy DF OF 
 1 Pavel Zacha              Chandler Stephenson      Jordan Kyrou             50     1   2  2  
 2 Rickard Rakell           Reilly Smith             Viktor Arvidsson         50     1   2  2  

PowerPlay Defense
   Defense                  Defense                                           Time % Phy DF OF 
 1 Cam Fowler               David Savard                                      50     1   2  2  
 2 Neal Pionk               Scott Mayfield                                    50     1   2  2  

Penalty Kill 4 Players Forward 
   Center                   Wing                     Time % Phy DF OF 
 1 Calle Jarnkrok           Steven Lorentz           50     1   2  2  
 2 Travis Boyd              Reilly Smith             50     1   2  2  

Penalty Kill 4 Players Defense
   Defense                  Defense                  Time % Phy DF OF 
 1 Cam Fowler               David Savard             50     1   2  2  
 2 Neal Pionk               Scott Mayfield           50     1   2  2  

Penalty Kill - 3 Players Forward 
   Forward                                           Time % Phy DF OF 
 1 Calle Jarnkrok                                    50     1   2  2  
 2 Travis Boyd                                       50     1   2  2  

Penalty Kill - 3 Players Defense
   Defense                  Defense                  Time % Phy DF OF 
 1 Cam Fowler               David Savard             50     1   2  2  
 2 Neal Pionk               Scott Mayfield           50     1   2  2  

4 vs 4 Forward 
   Center                   Wing                     Time % Phy DF OF 
 1 Travis Boyd              Chandler Stephenson      50     1   2  2  
 2 Jordan Kyrou             Reilly Smith             50     1   2  2  

4 vs 4 Defense
   Defense                  Defense                  Time % Phy DF OF 
 1 Cam Fowler               David Savard             50     1   2  2  
 2 Neal Pionk               Scott Mayfield           50     1   2  2  

Last Minutes Offensive
   Center                   Left Wing                Right Wing               Defense                  Defense                  
   Ryan Lomberg             Chandler Stephenson      Jordan Kyrou             Cam Fowler               David Savard             

Last Minutes Defensive
   Center                   Left Wing                Right Wing               Defense                  Defense                  
   Ryan Lomberg             Chandler Stephenson      Jordan Kyrou             Cam Fowler               David Savard             

Goaltenders
Starting : Michael Hutchinson       
Backup : Martin Jones             

Extra Forwards
Normal : Pavel Zacha, Travis Boyd, Steven Lorentz - PP : Pavel Zacha, Travis Boyd - PK : Steven Lorentz
Extra Defensemen
Normal : Cam Fowler, Jani Hakanpaa, Neal Pionk - PP : David Savard - PK : Jani Hakanpaa, Neal Pionk
Penalty Shots
Pavel Zacha, Chandler Stephenson, Jordan Kyrou, Reilly Smith, Viktor Arvidsson
Custom OT Lines Forwards
Ryan Lomberg, Chandler Stephenson, Jordan Kyrou, Reilly Smith, Viktor Arvidsson, Rickard Rakell, Pavel Zacha, Calle Jarnkrok, Travis Boyd, Steven Lorentz
Custom OT Lines Defensemen
Cam Fowler, David Savard, Neal Pionk, Scott Mayfield, Jani Hakanpaa

Scratches
J.T. Miller (Suspend), Scott Harrington (Healthy), Scott Wedgewood (Severed Left Wrist Tendons Injury)

Carolina Hurricanes

5 vs 5 Forward 
   Center                   Left Wing                Right Wing               Time % Phy DF OF 
 1 Sebastian Aho            Jordan Staal             Andrei Svechnikov        30     1   2  2  
 2 Jesperi Kotkaniemi       Taylor Hall              Nino Niederreiter        30     1   2  2  
 3 Stefan Noesen            Brock McGinn             Denis Gurianov           25     1   2  2  
 4 Anthony Duclair          Carl Grundstrom          Julien Gauthier          15     1   2  2  

5 vs 5 Defense 
   Defense                  Defense                                           Time % Phy DF OF 
 1 Brett Pesce              Noah Hanifin                                      37     1   2  2  
 2 Calen Addison            Brendan Smith                                     35     1   2  2  
 3 Jake Bean                Dylan Coghlan                                     28     1   2  2  
 4 Brett Pesce              Noah Hanifin                                      0      1   2  2  

PowerPlay Forward 
   Center                   Left Wing                Right Wing               Time % Phy DF OF 
 1 Sebastian Aho            Jordan Staal             Andrei Svechnikov        50     1   2  2  
 2 Jesperi Kotkaniemi       Stefan Noesen            Nino Niederreiter        50     1   2  2  

PowerPlay Defense
   Defense                  Defense                                           Time % Phy DF OF 
 1 Brett Pesce              Noah Hanifin                                      50     1   2  2  
 2 Calen Addison            Brendan Smith                                     50     1   2  2  

Penalty Kill 4 Players Forward 
   Center                   Wing                     Time % Phy DF OF 
 1 Sebastian Aho            Jordan Staal             50     1   2  2  
 2 Andrei Svechnikov        Nino Niederreiter        50     1   2  2  

Penalty Kill 4 Players Defense
   Defense                  Defense                  Time % Phy DF OF 
 1 Brett Pesce              Noah Hanifin             50     1   2  2  
 2 Calen Addison            Brendan Smith            50     1   2  2  

Penalty Kill - 3 Players Forward 
   Forward                                           Time % Phy DF OF 
 1 Sebastian Aho                                     50     1   2  2  
 2 Jordan Staal                                      50     1   2  2  

Penalty Kill - 3 Players Defense
   Defense                  Defense                  Time % Phy DF OF 
 1 Brett Pesce              Noah Hanifin             50     1   2  2  
 2 Calen Addison            Brendan Smith            50     1   2  2  

4 vs 4 Forward 
   Center                   Wing                     Time % Phy DF OF 
 1 Sebastian Aho            Jordan Staal             50     1   2  2  
 2 Andrei Svechnikov        Brock McGinn             50     1   2  2  

4 vs 4 Defense
   Defense                  Defense                  Time % Phy DF OF 
 1 Brett Pesce              Noah Hanifin             50     1   2  2  
 2 Calen Addison            Brendan Smith            50     1   2  2  

Last Minutes Offensive
   Center                   Left Wing                Right Wing               Defense                  Defense                  
   Sebastian Aho            Jordan Staal             Andrei Svechnikov        Brett Pesce              Noah Hanifin             

Last Minutes Defensive
   Center                   Left Wing                Right Wing               Defense                  Defense                  
   Sebastian Aho            Jordan Staal             Andrei Svechnikov        Brett Pesce              Noah Hanifin             

Goaltenders
Starting : Frederik Andersen        
Backup : Pyotr Kochetkov          

Extra Forwards
Normal : Stefan Noesen, Brock McGinn, Denis Gurianov - PP : Stefan Noesen, Brock McGinn - PK : Denis Gurianov
Extra Defensemen
Normal : Jake Bean, Dylan Coghlan, Calen Addison - PP : Jake Bean - PK : Dylan Coghlan, Calen Addison
Penalty Shots
Sebastian Aho, Jordan Staal, Andrei Svechnikov, Denis Gurianov, Nino Niederreiter
Custom OT Lines Forwards
Sebastian Aho, Jordan Staal, Andrei Svechnikov, Taylor Hall, Nino Niederreiter, Jesperi Kotkaniemi, Stefan Noesen, Brock McGinn, Denis Gurianov, Carl Grundstrom
Custom OT Lines Defensemen
Brett Pesce, Noah Hanifin, Calen Addison, Brendan Smith, Jake Bean

Scratches
Brendan Lemieux (Healthy), Tyler Tucker (Healthy), Arturs Silovs (Healthy)

% Time on Ice - Anaheim Ducks

Lines # - Real PCT - Wanted PCT - Time Play
Normal Forward
1 - 28% - 30% - 12:10
2 - 29% - 30% - 12:22
3 - 23% - 25% - 10:01
4 - 19% - 15% - 8:18
Normal Defense
1 - 35% - 35% - 14:58
2 - 36% - 35% - 15:13
3 - 30% - 30% - 12:40
4 - 0% - 0% - 0:00
PP Forward
1 - 43% - 50% - 3:57
2 - 57% - 50% - 5:16
PP Defense
1 - 51% - 50% - 4:43
2 - 49% - 50% - 4:30
PK Forward
1 - 51% - 50% - 3:02
2 - 49% - 50% - 2:55
PK Defense
1 - 45% - 50% - 2:39
2 - 55% - 50% - 3:18
PK3 Forward
1 - 0% - 50%
2 - 0% - 50%
PK3 Defense
1 - 0% - 50%
2 - 0% - 50%
44 Forward
1 - 53% - 50% - 1:03
2 - 47% - 50% - 0:56
44 Defense
1 - 53% - 50% - 1:03
2 - 47% - 50% - 0:56
Last Minute Offensive  - 0:00
Last Minute Defensive  - 0:00
Total
Forward - 60:00
Defense - 60:00

% Time on Ice - Carolina Hurricanes

Lines # - Real PCT - Wanted PCT - Time Play
Normal Forward
1 - 28% - 30% - 12:10
2 - 27% - 30% - 11:35
3 - 25% - 25% - 10:32
4 - 20% - 15% - 8:34
Normal Defense
1 - 39% - 37% - 16:47
2 - 33% - 35% - 14:04
3 - 28% - 28% - 12:00
4 - 0% - 0% - 0:00
PP Forward
1 - 47% - 50% - 2:49
2 - 53% - 50% - 3:08
PP Defense
1 - 43% - 50% - 2:32
2 - 57% - 50% - 3:25
PK Forward
1 - 49% - 50% - 4:32
2 - 51% - 50% - 4:41
PK Defense
1 - 66% - 50% - 6:05
2 - 34% - 50% - 3:08
PK3 Forward
1 - 0% - 50%
2 - 0% - 50%
PK3 Defense
1 - 0% - 50%
2 - 0% - 50%
44 Forward
1 - 32% - 50% - 0:38
2 - 68% - 50% - 1:21
44 Defense
1 - 68% - 50% - 1:21
2 - 32% - 50% - 0:38
Last Minute Offensive  - 0:00
Last Minute Defensive  - 0:00
Total
Forward - 60:00
Defense - 60:00

Play-by-Play

1st period


0:01 of 1st period - Sebastian Aho wins face-off versus Jordan Kyrou in neutral zone.
0:57 of 1st period - Sebastian Aho is hit by Scott Mayfield and loses puck.
1:01 of 1st period - Icing by Scott Mayfield.
1:02 of 1st period - Jesperi Kotkaniemi wins face-off versus Reilly Smith in Anaheim Ducks zone.
1:04 of 1st period - Minor Penalty to Scott Mayfield for Roughing.
1:05 of 1st period - Jesperi Kotkaniemi wins face-off versus Calle Jarnkrok in Anaheim Ducks zone.
1:14 of 1st period - Shot by Nino Niederreiter.
1:14 of 1st period - Stopped by Michael Hutchinson without a rebound.
1:15 of 1st period - Jesperi Kotkaniemi wins face-off versus Travis Boyd in Anaheim Ducks zone.
1:30 of 1st period - Icing by Calen Addison.
1:31 of 1st period - Calle Jarnkrok wins face-off versus Jesperi Kotkaniemi in Carolina Hurricanes zone.
2:10 of 1st period - Shot by Andrei Svechnikov.
2:10 of 1st period - Stopped by Michael Hutchinson without a rebound.
2:11 of 1st period - Travis Boyd wins face-off versus Sebastian Aho in Anaheim Ducks zone.
2:28 of 1st period - Shot by Andrei Svechnikov.
2:28 of 1st period - Deflect By Sebastian Aho.
2:28 of 1st period - Shot Misses the Net.
3:29 of 1st period - Shot by Carl Grundstrom.
3:29 of 1st period - Stopped by Michael Hutchinson without a rebound.
3:30 of 1st period - Reilly Smith wins face-off versus Stefan Noesen in Anaheim Ducks zone.
3:30 of 1st period - Reilly Smith is hit by Brock McGinn.
3:41 of 1st period - Icing by Stefan Noesen.
3:42 of 1st period - Stefan Noesen wins face-off versus Travis Boyd in Carolina Hurricanes zone.
3:53 of 1st period - Shot by Brock McGinn.
3:53 of 1st period - Shot Misses the Net.
4:17 of 1st period - Off-side.
4:18 of 1st period - Jesperi Kotkaniemi wins face-off versus Reilly Smith in neutral zone.
5:23 of 1st period - Shot by Lukas Sedlak.
5:23 of 1st period - Shot Misses the Net.
5:25 of 1st period - Shot by Steven Lorentz.
5:25 of 1st period - Shot Misses the Net.
5:51 of 1st period - Minor Penalty to Noah Hanifin for Boarding.
5:52 of 1st period - Sebastian Aho wins face-off versus Pavel Zacha in Carolina Hurricanes zone.
5:58 of 1st period - Icing by Neal Pionk.
5:59 of 1st period - Pavel Zacha wins face-off versus Sebastian Aho in Anaheim Ducks zone.
6:03 of 1st period - Icing by Jordan Kyrou.
6:04 of 1st period - Pavel Zacha wins face-off versus Andrei Svechnikov in Anaheim Ducks zone.
6:06 of 1st period - Icing by Chandler Stephenson.
6:07 of 1st period - Pavel Zacha wins face-off versus Andrei Svechnikov in Anaheim Ducks zone.
6:07 of 1st period - Pavel Zacha is hit by Andrei Svechnikov.
6:45 of 1st period - Shot by Rickard Rakell.
6:45 of 1st period - Deflect By Reilly Smith.
6:45 of 1st period - Stopped by Frederik Andersen without a rebound.
6:46 of 1st period - Rickard Rakell wins face-off versus Sebastian Aho in Carolina Hurricanes zone.
6:49 of 1st period - Shot by Cam Fowler.
6:49 of 1st period - Shot Misses the Net.
8:44 of 1st period - Shot by Steven Lorentz.
8:44 of 1st period - Shot Misses the Net.
8:46 of 1st period - Shot by Ryan Lomberg.
8:46 of 1st period - Shot Blocked by Brett Pesce.
8:48 of 1st period - Shot by Lukas Sedlak.
8:48 of 1st period - Shot Blocked by Noah Hanifin.
8:57 of 1st period - Off-side.
8:58 of 1st period - Jordan Kyrou wins face-off versus Nino Niederreiter in neutral zone.
9:45 of 1st period - Icing by Brendan Smith.
9:46 of 1st period - Lukas Sedlak wins face-off versus Jesperi Kotkaniemi in Carolina Hurricanes zone.
9:56 of 1st period - Icing by Calen Addison.
9:57 of 1st period - Reilly Smith wins face-off versus Jesperi Kotkaniemi in Carolina Hurricanes zone.
10:13 of 1st period - Icing by Calen Addison.
10:14 of 1st period - Jesperi Kotkaniemi wins face-off versus Travis Boyd in Carolina Hurricanes zone.
10:29 of 1st period - Shot by Sebastian Aho.
10:29 of 1st period - Stopped by Michael Hutchinson without a rebound.
10:30 of 1st period - Sebastian Aho wins face-off versus Reilly Smith in Anaheim Ducks zone.
10:33 of 1st period - Shot by Sebastian Aho.
10:33 of 1st period - Stopped by Michael Hutchinson with a rebound.
10:35 of 1st period - Shot by Andrei Svechnikov.
10:35 of 1st period - Goal by Andrei Svechnikov - Anaheim Ducks : 0 - Carolina Hurricanes : 1.
10:36 of 1st period - Reilly Smith wins face-off versus Sebastian Aho in neutral zone.
10:45 of 1st period - Shot by Pavel Zacha.
10:45 of 1st period - Stopped by Frederik Andersen without a rebound.
10:46 of 1st period - Stefan Noesen wins face-off versus Travis Boyd in Carolina Hurricanes zone.
11:12 of 1st period - Icing by Scott Mayfield.
11:13 of 1st period - Andrei Svechnikov wins face-off versus Travis Boyd in Anaheim Ducks zone.
12:00 of 1st period - Pavel Zacha is hit by Noah Hanifin and loses puck.
12:34 of 1st period - Off-side.
12:35 of 1st period - Lukas Sedlak wins face-off versus Jesperi Kotkaniemi in neutral zone.
13:22 of 1st period - Shot by Calle Jarnkrok.
13:22 of 1st period - Shot Blocked by Jake Bean.
13:30 of 1st period - Icing by Brett Howden.
13:31 of 1st period - Sebastian Aho wins face-off versus Travis Boyd in Anaheim Ducks zone.
13:31 of 1st period - Sebastian Aho is hit by Cam Fowler.
13:33 of 1st period - Shot by Andrei Svechnikov.
13:33 of 1st period - Stopped by Michael Hutchinson with a rebound.
14:51 of 1st period - Minor Penalty to Viktor Arvidsson for Slashing.
14:52 of 1st period - Jesperi Kotkaniemi wins face-off versus Calle Jarnkrok in Anaheim Ducks zone.
15:39 of 1st period - Shot by Taylor Hall.
15:39 of 1st period - Stopped by Michael Hutchinson without a rebound.
15:40 of 1st period - Jesperi Kotkaniemi wins face-off versus Jordan Kyrou in Anaheim Ducks zone.
16:02 of 1st period - Shot by Calen Addison.
16:02 of 1st period - Stopped by Michael Hutchinson without a rebound.
16:03 of 1st period - Sebastian Aho wins face-off versus Travis Boyd in Anaheim Ducks zone.
16:28 of 1st period - Shot by Sebastian Aho.
16:28 of 1st period - Stopped by Michael Hutchinson without a rebound.
16:29 of 1st period - Calle Jarnkrok wins face-off versus Nino Niederreiter in Anaheim Ducks zone.
16:38 of 1st period - Shot by Brett Pesce.
16:38 of 1st period - Shot Blocked by Neal Pionk.
16:40 of 1st period - Shot by Stefan Noesen.
16:40 of 1st period - Stopped by Michael Hutchinson without a rebound.
16:41 of 1st period - Sebastian Aho wins face-off versus Calle Jarnkrok in Anaheim Ducks zone.
17:16 of 1st period - Shot by Jordan Kyrou.
17:16 of 1st period - Shot Misses the Net.
17:18 of 1st period - Shot by Jordan Kyrou.
17:18 of 1st period - Deflect By Chandler Stephenson.
17:18 of 1st period - Stopped by Frederik Andersen without a rebound.
17:19 of 1st period - Ryan Lomberg wins face-off versus Stefan Noesen in Carolina Hurricanes zone.
17:43 of 1st period - Brock McGinn is hit by Jani Hakanpaa and loses puck.
18:02 of 1st period - Nino Niederreiter is hit by Jani Hakanpaa and loses puck.
18:10 of 1st period - Jesperi Kotkaniemi is hit by Jani Hakanpaa and loses puck.
18:38 of 1st period - Icing by Sebastian Aho.
18:39 of 1st period - Jordan Kyrou wins face-off versus Andrei Svechnikov in Carolina Hurricanes zone.
18:40 of 1st period - Shot by Chandler Stephenson.
18:40 of 1st period - Shot Misses the Net.
18:42 of 1st period - Shot by Jordan Kyrou.
18:42 of 1st period - Stopped by Frederik Andersen with a rebound.
18:44 of 1st period - Shot by Cam Fowler.
18:44 of 1st period - Shot Misses the Net.
18:46 of 1st period - Shot by David Savard.
18:46 of 1st period - Stopped by Frederik Andersen with a rebound.
18:48 of 1st period - Shot by Chandler Stephenson.
18:48 of 1st period - Deflect By Jordan Kyrou.
18:48 of 1st period - Shot Misses the Net.
18:56 of 1st period - Shot by Jordan Kyrou.
18:56 of 1st period - Stopped by Frederik Andersen without a rebound.
18:57 of 1st period - Reilly Smith wins face-off versus Anthony Duclair in Carolina Hurricanes zone.
19:05 of 1st period - Shot by Reilly Smith.
19:05 of 1st period - Stopped by Frederik Andersen with a rebound.
19:27 of 1st period - Shot by Pavel Zacha.
19:27 of 1st period - Goal by Pavel Zacha - Anaheim Ducks : 1 - Carolina Hurricanes : 1.
19:28 of 1st period - Denis Gurianov wins face-off versus Jordan Kyrou in neutral zone.
19:31 of 1st period - David Savard is hit by Stefan Noesen and loses puck.
19:44 of 1st period - Shot by Stefan Noesen.
19:44 of 1st period - Shot Blocked by Cam Fowler.
19:46 of 1st period - Shot by Stefan Noesen.
19:46 of 1st period - Stopped by Michael Hutchinson without a rebound.
19:47 of 1st period - Taylor Hall wins face-off versus Travis Boyd in Anaheim Ducks zone.
19:56 of 1st period - Shot by Calle Jarnkrok.
19:56 of 1st period - Shot Misses the Net.
Goals for this period are 1 for Anaheim Ducks vs 1 for Carolina Hurricanes.
Shots for this period are 8 for Anaheim Ducks vs 12 for Carolina Hurricanes.

2nd period


0:01 of 2nd period - Jesperi Kotkaniemi wins face-off versus Reilly Smith in neutral zone.
0:10 of 2nd period - Icing by Viktor Arvidsson.
0:11 of 2nd period - Sebastian Aho wins face-off versus Reilly Smith in Anaheim Ducks zone.
0:28 of 2nd period - Shot by Reilly Smith.
0:28 of 2nd period - Shot Misses the Net.
0:34 of 2nd period - Brayden McNabb is hit by Andrei Svechnikov and loses puck.
0:39 of 2nd period - Shot by Sebastian Aho.
0:39 of 2nd period - Stopped by Michael Hutchinson without a rebound.
0:40 of 2nd period - Jordan Kyrou wins face-off versus Taylor Hall in Anaheim Ducks zone.
1:03 of 2nd period - Shot by Jordan Kyrou.
1:03 of 2nd period - Shot Misses the Net.
1:09 of 2nd period - Shot by Taylor Hall.
1:09 of 2nd period - Shot Blocked by Cam Fowler.
1:31 of 2nd period - Shot by Denis Gurianov.
1:31 of 2nd period - Shot Misses the Net.
1:42 of 2nd period - Minor Penalty to David Savard for Hooking.
1:43 of 2nd period - Sebastian Aho wins face-off versus Travis Boyd in Anaheim Ducks zone.
1:46 of 2nd period - Shot by Sebastian Aho.
1:46 of 2nd period - Stopped by Michael Hutchinson with a rebound.
1:48 of 2nd period - Shot by Jordan Staal.
1:48 of 2nd period - Stopped by Michael Hutchinson with a rebound.
1:50 of 2nd period - Shot by Noah Hanifin.
1:50 of 2nd period - Stopped by Michael Hutchinson with a rebound.
1:52 of 2nd period - Shot by Jordan Staal.
1:52 of 2nd period - Shot Blocked by Travis Boyd.
1:54 of 2nd period - Shot by Brett Pesce.
1:54 of 2nd period - Stopped by Michael Hutchinson with a rebound.
1:56 of 2nd period - Shot by Noah Hanifin.
1:56 of 2nd period - Stopped by Michael Hutchinson without a rebound.
1:57 of 2nd period - Andrei Svechnikov wins face-off versus Calle Jarnkrok in Anaheim Ducks zone.
2:20 of 2nd period - Shot by Andrei Svechnikov.
2:20 of 2nd period - Stopped by Michael Hutchinson without a rebound.
2:21 of 2nd period - Calle Jarnkrok wins face-off versus Jesperi Kotkaniemi in Anaheim Ducks zone.
2:32 of 2nd period - Shot by Jesperi Kotkaniemi.
2:32 of 2nd period - Stopped by Michael Hutchinson without a rebound.
2:33 of 2nd period - Travis Boyd wins face-off versus Jesperi Kotkaniemi in Anaheim Ducks zone.
2:33 of 2nd period - Travis Boyd is hit by Nino Niederreiter.
2:52 of 2nd period - Shot by Brett Pesce.
2:52 of 2nd period - Stopped by Michael Hutchinson with a rebound.
3:32 of 2nd period - Shot by Andrei Svechnikov.
3:32 of 2nd period - Stopped by Michael Hutchinson without a rebound.
3:33 of 2nd period - Sebastian Aho wins face-off versus Travis Boyd in Anaheim Ducks zone.
3:38 of 2nd period - Shot by Sebastian Aho.
3:38 of 2nd period - Stopped by Michael Hutchinson without a rebound.
3:39 of 2nd period - Sebastian Aho wins face-off versus Reilly Smith in Anaheim Ducks zone.
4:05 of 2nd period - Off-side.
4:06 of 2nd period - Brock McGinn wins face-off versus Reilly Smith in neutral zone.
4:09 of 2nd period - Shot by Stefan Noesen.
4:09 of 2nd period - Deflect By Brock McGinn.
4:09 of 2nd period - Stopped by Michael Hutchinson without a rebound.
4:10 of 2nd period - Jesperi Kotkaniemi wins face-off versus Reilly Smith in Anaheim Ducks zone.
4:10 of 2nd period - Brett Pesce is hit by Jani Hakanpaa and loses puck.
4:31 of 2nd period - Shot by Viktor Arvidsson.
4:31 of 2nd period - Shot Blocked by Brett Pesce.
4:35 of 2nd period - Shot by Reilly Smith.
4:35 of 2nd period - Shot Misses the Net.
4:37 of 2nd period - Shot by Viktor Arvidsson.
4:37 of 2nd period - Stopped by Frederik Andersen without a rebound.
4:38 of 2nd period - Travis Boyd wins face-off versus Sebastian Aho in Carolina Hurricanes zone.
4:50 of 2nd period - Minor Penalty to Andrei Svechnikov for Tripping.
4:51 of 2nd period - Pavel Zacha wins face-off versus Sebastian Aho in Carolina Hurricanes zone.
4:57 of 2nd period - Shot by David Savard.
4:57 of 2nd period - Shot Misses the Net.
5:07 of 2nd period - Shot by Chandler Stephenson.
5:07 of 2nd period - Stopped by Frederik Andersen without a rebound.
5:08 of 2nd period - Denis Gurianov wins face-off versus Viktor Arvidsson in Carolina Hurricanes zone.
5:18 of 2nd period - Off-side.
5:19 of 2nd period - Rickard Rakell wins face-off versus Denis Gurianov in neutral zone.
5:21 of 2nd period - Off-side.
5:22 of 2nd period - Sebastian Aho wins face-off versus Viktor Arvidsson in neutral zone.
5:22 of 2nd period - Brett Pesce is hit by Viktor Arvidsson and loses puck.
6:28 of 2nd period - Shot by Jordan Kyrou.
6:28 of 2nd period - Goal by Jordan Kyrou - Anaheim Ducks : 2 - Carolina Hurricanes : 1.
6:29 of 2nd period - Travis Boyd wins face-off versus Anthony Duclair in neutral zone.
6:43 of 2nd period - Icing by Jani Hakanpaa.
6:44 of 2nd period - Travis Boyd wins face-off versus Sebastian Aho in Anaheim Ducks zone.
6:57 of 2nd period - Andrei Svechnikov is hit by Brett Howden and loses puck.
7:15 of 2nd period - Steven Lorentz is hit by Brett Pesce and loses puck.
7:35 of 2nd period - Shot by Lukas Sedlak.
7:35 of 2nd period - Deflect By Steven Lorentz.
7:35 of 2nd period - Shot Misses the Net.
7:38 of 2nd period - Minor Penalty to Brett Pesce for Slashing.
7:39 of 2nd period - Denis Gurianov wins face-off versus Rickard Rakell in Carolina Hurricanes zone.
8:45 of 2nd period - Off-side.
8:46 of 2nd period - Pavel Zacha wins face-off versus Andrei Svechnikov in neutral zone.
10:27 of 2nd period - Ryan Lomberg is hit by Brett Pesce.
10:46 of 2nd period - Icing by David Savard.
10:47 of 2nd period - Stefan Noesen wins face-off versus Ryan Lomberg in Anaheim Ducks zone.
10:48 of 2nd period - Shot by Brendan Smith.
10:48 of 2nd period - Deflect By Brock McGinn.
10:48 of 2nd period - Stopped by Michael Hutchinson without a rebound.
10:49 of 2nd period - Brock McGinn wins face-off versus Jordan Kyrou in Anaheim Ducks zone.
11:03 of 2nd period - Shot by Stefan Noesen.
11:03 of 2nd period - Shot Misses the Net.
11:09 of 2nd period - Shot by Brock McGinn.
11:09 of 2nd period - Stopped by Michael Hutchinson without a rebound.
11:10 of 2nd period - Sebastian Aho wins face-off versus Reilly Smith in Anaheim Ducks zone.
11:26 of 2nd period - Shot by Jordan Staal.
11:26 of 2nd period - Shot Misses the Net.
11:41 of 2nd period - Shot by Reilly Smith.
11:41 of 2nd period - Stopped by Frederik Andersen without a rebound.
11:42 of 2nd period - Jesperi Kotkaniemi wins face-off versus Jordan Kyrou in Carolina Hurricanes zone.
11:49 of 2nd period - Shot by Nino Niederreiter.
11:49 of 2nd period - Stopped by Michael Hutchinson without a rebound.
11:50 of 2nd period - Denis Gurianov wins face-off versus Travis Boyd in Anaheim Ducks zone.
11:52 of 2nd period - Brock McGinn is hit by Scott Mayfield and loses puck.
12:05 of 2nd period - Denis Gurianov is hit by Travis Boyd and loses puck.
12:43 of 2nd period - Shot by Rickard Rakell.
12:43 of 2nd period - Shot Misses the Net.
12:45 of 2nd period - Shot by Cam Fowler.
12:45 of 2nd period - Shot Misses the Net.
12:47 of 2nd period - Shot by Rickard Rakell.
12:47 of 2nd period - Shot Misses the Net.
12:49 of 2nd period - Shot by Jordan Kyrou.
12:49 of 2nd period - Stopped by Frederik Andersen without a rebound.
12:50 of 2nd period - Sebastian Aho wins face-off versus Reilly Smith in Carolina Hurricanes zone.
13:01 of 2nd period - Shot by Sebastian Aho.
13:01 of 2nd period - Shot Hit the Post.
13:11 of 2nd period - Shot by Pavel Zacha.
13:11 of 2nd period - Deflect By Reilly Smith.
13:11 of 2nd period - Stopped by Frederik Andersen without a rebound.
13:12 of 2nd period - Lukas Sedlak wins face-off versus Jesperi Kotkaniemi in Carolina Hurricanes zone.
13:22 of 2nd period - Icing by Brett Pesce.
13:23 of 2nd period - Jordan Kyrou wins face-off versus Jesperi Kotkaniemi in Carolina Hurricanes zone.
13:32 of 2nd period - Chandler Stephenson is hit by Jesperi Kotkaniemi and loses puck.
13:49 of 2nd period - Shot by Nino Niederreiter.
13:49 of 2nd period - Shot Misses the Net.
13:51 of 2nd period - Shot by Noah Hanifin.
13:51 of 2nd period - Shot Blocked by Scott Mayfield.
14:28 of 2nd period - Shot by Viktor Arvidsson.
14:28 of 2nd period - Deflect By Pavel Zacha.
14:28 of 2nd period - Goal by Pavel Zacha - Anaheim Ducks : 3 - Carolina Hurricanes : 1.
14:29 of 2nd period - Travis Boyd wins face-off versus Denis Gurianov in neutral zone.
16:17 of 2nd period - Shot by Nino Niederreiter.
16:17 of 2nd period - Shot Blocked by Cam Fowler.
16:53 of 2nd period - Icing by Brayden McNabb.
16:54 of 2nd period - Reilly Smith wins face-off versus Stefan Noesen in Anaheim Ducks zone.
17:24 of 2nd period - Rickard Rakell is hit by Brendan Smith and loses puck.
17:27 of 2nd period - Shot by Neal Pionk.
17:27 of 2nd period - Shot Misses the Net.
17:38 of 2nd period - Minor Penalty to Brendan Smith for High sticking.
17:39 of 2nd period - Sebastian Aho wins face-off versus Pavel Zacha in Carolina Hurricanes zone.
17:50 of 2nd period - Shot by Sebastian Aho.
17:50 of 2nd period - The goal is going for a video replay.
17:50 of 2nd period - The goal is refused.
17:51 of 2nd period - Sebastian Aho wins face-off versus Reilly Smith in Anaheim Ducks zone.
18:08 of 2nd period - Shot by David Savard.
18:08 of 2nd period - Shot Blocked by Noah Hanifin.
18:10 of 2nd period - Shot by David Savard.
18:10 of 2nd period - Stopped by Frederik Andersen without a rebound.
18:11 of 2nd period - Sebastian Aho wins face-off versus Pavel Zacha in Carolina Hurricanes zone.
18:26 of 2nd period - Off-side.
18:27 of 2nd period - Andrei Svechnikov wins face-off versus Rickard Rakell in neutral zone.
19:48 of 2nd period - Shot by Brett Howden.
19:48 of 2nd period - Deflect By Travis Boyd.
19:48 of 2nd period - Stopped by Frederik Andersen without a rebound.
19:49 of 2nd period - Lukas Sedlak wins face-off versus Anthony Duclair in Carolina Hurricanes zone.
Goals for this period are 2 for Anaheim Ducks vs 0 for Carolina Hurricanes.
Shots for this period are 9 for Anaheim Ducks vs 16 for Carolina Hurricanes.

3rd period


0:01 of 3rd period - Jesperi Kotkaniemi wins face-off versus Reilly Smith in neutral zone.
0:04 of 3rd period - Shot by Taylor Hall.
0:04 of 3rd period - Stopped by Michael Hutchinson without a rebound.
0:05 of 3rd period - Taylor Hall wins face-off versus Viktor Arvidsson in Anaheim Ducks zone.
0:35 of 3rd period - Shot by Taylor Hall.
0:35 of 3rd period - Shot Blocked by Cam Fowler.
0:51 of 3rd period - Shot by Rickard Rakell.
0:51 of 3rd period - Stopped by Frederik Andersen with a rebound.
0:53 of 3rd period - Shot by Brayden McNabb.
0:53 of 3rd period - Shot Blocked by Brendan Smith.
0:55 of 3rd period - Shot by Chandler Stephenson.
0:55 of 3rd period - Deflect By Jordan Kyrou.
0:55 of 3rd period - Stopped by Frederik Andersen without a rebound.
0:56 of 3rd period - Sebastian Aho wins face-off versus Travis Boyd in Carolina Hurricanes zone.
1:14 of 3rd period - Shot by Jordan Staal.
1:14 of 3rd period - Deflect By Sebastian Aho.
1:14 of 3rd period - Stopped by Michael Hutchinson without a rebound.
1:15 of 3rd period - Jordan Kyrou wins face-off versus Stefan Noesen in Anaheim Ducks zone.
1:24 of 3rd period - Shot by Jordan Kyrou.
1:24 of 3rd period - Stopped by Frederik Andersen with a rebound.
1:40 of 3rd period - Shot by Chandler Stephenson.
1:40 of 3rd period - Stopped by Frederik Andersen without a rebound.
1:41 of 3rd period - Sebastian Aho wins face-off versus Travis Boyd in Carolina Hurricanes zone.
2:05 of 3rd period - Brett Howden is hit by Jake Bean and loses puck.
2:07 of 3rd period - Minor Penalty to Jake Bean for Tripping.
2:07 of 3rd period - Minor Penalty to Travis Boyd for Hooking.
2:08 of 3rd period - Jordan Kyrou wins face-off versus Andrei Svechnikov in Carolina Hurricanes zone.
2:49 of 3rd period - Shot by Sebastian Aho.
2:49 of 3rd period - Stopped by Michael Hutchinson without a rebound.
2:50 of 3rd period - Sebastian Aho wins face-off versus Pavel Zacha in Anaheim Ducks zone.
2:50 of 3rd period - Calen Addison is hit by David Savard and loses puck.
3:19 of 3rd period - Shot by Sebastian Aho.
3:19 of 3rd period - Stopped by Michael Hutchinson without a rebound.
3:20 of 3rd period - Steven Lorentz wins face-off versus Andrei Svechnikov in Anaheim Ducks zone.
3:58 of 3rd period - Shot by Reilly Smith.
3:58 of 3rd period - Stopped by Frederik Andersen with a rebound.
4:00 of 3rd period - Shot by Scott Mayfield.
4:00 of 3rd period - Shot Misses the Net.
4:02 of 3rd period - Shot by Reilly Smith.
4:02 of 3rd period - Shot Blocked by Andrei Svechnikov.
4:08 of 3rd period - Shot by Calle Jarnkrok.
4:08 of 3rd period - Stopped by Frederik Andersen without a rebound.
4:09 of 3rd period - Travis Boyd wins face-off versus Jesperi Kotkaniemi in Carolina Hurricanes zone.
4:16 of 3rd period - Shot by Brett Howden.
4:16 of 3rd period - Goal by Brett Howden - Anaheim Ducks : 4 - Carolina Hurricanes : 1.
4:17 of 3rd period - Reilly Smith wins face-off versus Anthony Duclair in neutral zone.
4:43 of 3rd period - Shot by Viktor Arvidsson.
4:43 of 3rd period - Shot Misses the Net.
4:58 of 3rd period - Icing by Julien Gauthier.
4:59 of 3rd period - Travis Boyd wins face-off versus Anthony Duclair in Carolina Hurricanes zone.
5:23 of 3rd period - Shot by Calle Jarnkrok.
5:23 of 3rd period - Stopped by Frederik Andersen without a rebound.
5:24 of 3rd period - Sebastian Aho wins face-off versus Jordan Kyrou in Carolina Hurricanes zone.
5:41 of 3rd period - Shot by Sebastian Aho.
5:41 of 3rd period - Stopped by Michael Hutchinson without a rebound.
5:42 of 3rd period - Lukas Sedlak wins face-off versus Jesperi Kotkaniemi in Anaheim Ducks zone.
6:01 of 3rd period - Shot by Lukas Sedlak.
6:01 of 3rd period - Shot Blocked by Dylan Coghlan.
6:03 of 3rd period - Shot by Steven Lorentz.
6:03 of 3rd period - Stopped by Frederik Andersen without a rebound.
6:04 of 3rd period - Chandler Stephenson wins face-off versus Stefan Noesen in Carolina Hurricanes zone.
6:24 of 3rd period - Off-side.
6:25 of 3rd period - Sebastian Aho wins face-off versus Reilly Smith in neutral zone.
6:54 of 3rd period - Sebastian Aho is hit by Pavel Zacha and loses puck.
7:33 of 3rd period - Shot by Jesperi Kotkaniemi.
7:33 of 3rd period - Shot Misses the Net.
8:34 of 3rd period - Shot by Calle Jarnkrok.
8:34 of 3rd period - Shot Misses the Net.
8:36 of 3rd period - Shot by Jani Hakanpaa.
8:36 of 3rd period - Stopped by Frederik Andersen without a rebound.
8:37 of 3rd period - Lukas Sedlak wins face-off versus Sebastian Aho in Carolina Hurricanes zone.
8:37 of 3rd period - Lukas Sedlak is hit by Brendan Smith.
11:16 of 3rd period - Icing by Jake Bean.
11:17 of 3rd period - Andrei Svechnikov wins face-off versus Travis Boyd in Carolina Hurricanes zone.
11:17 of 3rd period - Sebastian Aho is hit by Brett Howden and loses puck.
12:09 of 3rd period - Shot by Cam Fowler.
12:09 of 3rd period - Shot Misses the Net.
12:13 of 3rd period - Shot by Jordan Kyrou.
12:13 of 3rd period - Shot Misses the Net.
13:00 of 3rd period - Jordan Kyrou is hit by Brock McGinn and loses puck.
13:45 of 3rd period - Minor Penalty to Brock McGinn for Goalie Interference.
13:46 of 3rd period - Sebastian Aho wins face-off versus Rickard Rakell in Carolina Hurricanes zone.
14:01 of 3rd period - Sebastian Aho is hit by Ryan Lomberg and loses puck.
14:40 of 3rd period - Shot by Reilly Smith.
14:40 of 3rd period - Shot Blocked by Noah Hanifin.
14:42 of 3rd period - Shot by Scott Mayfield.
14:42 of 3rd period - Stopped by Frederik Andersen without a rebound.
14:43 of 3rd period - Chandler Stephenson wins face-off versus Sebastian Aho in Carolina Hurricanes zone.
14:52 of 3rd period - Shot by Pavel Zacha.
14:52 of 3rd period - Shot Blocked by Jake Bean.
14:54 of 3rd period - Shot by Cam Fowler.
14:54 of 3rd period - Stopped by Frederik Andersen without a rebound.
14:55 of 3rd period - Rickard Rakell wins face-off versus Sebastian Aho in Carolina Hurricanes zone.
15:04 of 3rd period - Denis Gurianov is hit by Rickard Rakell and loses puck.
15:13 of 3rd period - Shot by Rickard Rakell.
15:13 of 3rd period - Shot Blocked by Sebastian Aho.
15:21 of 3rd period - Shot by Rickard Rakell.
15:21 of 3rd period - Stopped by Frederik Andersen without a rebound.
15:22 of 3rd period - Pavel Zacha wins face-off versus Nino Niederreiter in Carolina Hurricanes zone.
15:23 of 3rd period - Shot by Chandler Stephenson.
15:23 of 3rd period - Deflect By Pavel Zacha.
15:23 of 3rd period - Goal by Pavel Zacha - Anaheim Ducks : 5 - Carolina Hurricanes : 1.
15:24 of 3rd period - Travis Boyd wins face-off versus Anthony Duclair in neutral zone.
15:24 of 3rd period - Brett Howden is hit by Julien Gauthier and loses puck.
15:35 of 3rd period - Shot by Calle Jarnkrok.
15:35 of 3rd period - Shot Misses the Net.
15:41 of 3rd period - Shot by Calle Jarnkrok.
15:41 of 3rd period - Shot Misses the Net.
15:45 of 3rd period - Shot by Calle Jarnkrok.
15:45 of 3rd period - Stopped by Frederik Andersen without a rebound.
15:46 of 3rd period - Jesperi Kotkaniemi wins face-off versus Lukas Sedlak in Carolina Hurricanes zone.
16:01 of 3rd period - Shot by Taylor Hall.
16:01 of 3rd period - Stopped by Michael Hutchinson without a rebound.
16:02 of 3rd period - Sebastian Aho wins face-off versus Chandler Stephenson in Anaheim Ducks zone.
16:03 of 3rd period - Shot by Andrei Svechnikov.
16:03 of 3rd period - Stopped by Michael Hutchinson without a rebound.
16:04 of 3rd period - Sebastian Aho wins face-off versus Jordan Kyrou in Anaheim Ducks zone.
16:59 of 3rd period - Chandler Stephenson is hit by Brendan Smith.
17:09 of 3rd period - Shot by Reilly Smith.
17:09 of 3rd period - Shot Misses the Net.
17:11 of 3rd period - Shot by Reilly Smith.
17:11 of 3rd period - Stopped by Frederik Andersen without a rebound.
17:12 of 3rd period - Calle Jarnkrok wins face-off versus Stefan Noesen in Carolina Hurricanes zone.
17:17 of 3rd period - Shot by Travis Boyd.
17:17 of 3rd period - Stopped by Frederik Andersen without a rebound.
17:18 of 3rd period - Stefan Noesen wins face-off versus Reilly Smith in Carolina Hurricanes zone.
17:33 of 3rd period - Shot by Denis Gurianov.
17:33 of 3rd period - Shot Misses the Net.
17:35 of 3rd period - Shot by Denis Gurianov.
17:35 of 3rd period - Deflect By Brock McGinn.
17:35 of 3rd period - Shot Misses the Net.
17:37 of 3rd period - Shot by Stefan Noesen.
17:37 of 3rd period - Shot Blocked by Neal Pionk.
17:39 of 3rd period - Shot by Jake Bean.
17:39 of 3rd period - Shot Hit the Post.
17:51 of 3rd period - Icing by Jani Hakanpaa.
17:52 of 3rd period - Reilly Smith wins face-off versus Jesperi Kotkaniemi in Anaheim Ducks zone.
18:15 of 3rd period - Shot by Taylor Hall.
18:15 of 3rd period - Stopped by Michael Hutchinson without a rebound.
18:16 of 3rd period - Travis Boyd wins face-off versus Sebastian Aho in Anaheim Ducks zone.
18:45 of 3rd period - Shot by Calle Jarnkrok.
18:45 of 3rd period - Stopped by Frederik Andersen without a rebound.
18:46 of 3rd period - Denis Gurianov wins face-off versus Jordan Kyrou in Carolina Hurricanes zone.
18:46 of 3rd period - Denis Gurianov is hit by Rickard Rakell.
19:05 of 3rd period - Icing by Dylan Coghlan.
19:06 of 3rd period - Brock McGinn wins face-off versus Lukas Sedlak in Carolina Hurricanes zone.
19:21 of 3rd period - Shot by Steven Lorentz.
19:21 of 3rd period - Goal by Steven Lorentz - Anaheim Ducks : 6 - Carolina Hurricanes : 1.
19:22 of 3rd period - Jesperi Kotkaniemi wins face-off versus Jordan Kyrou in neutral zone.
19:44 of 3rd period - Shot by Jordan Kyrou.
19:44 of 3rd period - Stopped by Frederik Andersen without a rebound.
19:45 of 3rd period - Sebastian Aho wins face-off versus Reilly Smith in Carolina Hurricanes zone.
Goals for this period are 3 for Anaheim Ducks vs 0 for Carolina Hurricanes.
Shots for this period are 20 for Anaheim Ducks vs 8 for Carolina Hurricanes.